[Event "63.Camp. Veneto Quarti di Finale"]
[Site "Arquà Petrarca ITA"]
[Date "2003.05.03"]
[Round "1.10"]
[White "Battiston, Gianfranco"]
[Black "Renier, Renzo"]
[Result "1/2-1/2"]
[ECO "C84"]
[WhiteElo "1564"]
[BlackElo "1845"]
[Annotator "Gabriele Ballarin"]
[PlyCount "106"]
[EventDate "2003.05.03"]
[EventType "swiss"]
[EventRounds "6"]
[EventCountry "ITA"]
[TimeControl "40/7200:0/0:0/0"]

{590MB, Fritz11.ctg, PC-PC} 1. e4 e5 2. Nf3 Nc6 3. Bb5 a6 4. Ba4 Nf6 5. O-O Be7 6. d3 d6 7. h3 O-O 8. Be3 b5 9. Bb3 Na5 10. Nc3 Bb7 11. Ne2 c5 12. c3 Qc7 13. Ng3 g6 14. Bh6 Rfd8 15. Bc2 Bf8 16. Qc1 Bg7 17. Qg5 Ne8 18. Bxg7 Nxg7 19. h4 Ne6 20. Qf6 Re8 21. Ng5 h6 22. Nxe6 Rxe6 23. Qf3 f5 24. Rac1 f4 25. b4 fxg3 26. bxa5 Rf8 27. Qxg3 Ref6 28. d4 Kg7 29. dxe5 dxe5 30. Rcd1 Rf4 31. f3 R8f7 32. Qh3 Bc8 33. Qg3 Be6 34. a3 Rd7 35. Rxd7+ Qxd7 36. Rd1 Qc7 37. Qf2 Rf7 38. Qe3 Rd7 39. Rxd7+ Bxd7 40. Qd2 Be6 41. Qd3 Qd7 42. Qxd7+ Bxd7 43. Kf2 Be6 44. f4 Kf6 45. Bd1 Bf7 46. Ke3 Ba2 47. fxe5+ Kxe5 48. Bf3 Bb3 49. g3 Ba2 50. Bg2 Bb1 51. Bf3 Bc2 52. Bg2 g5 53. hxg5 hxg5 1/2-1/2

[Event "68.Camp. Veneto Quarti di Finale"]
[Site "Arquà Petrarca ITA"]
[Date "2008.05.10"]
[Round "1"]
[White "Chiumello, Roberto"]
[Black "Renier, Renzo"]
[Result "0-1"]
[ECO "A48"]
[WhiteElo "1757"]
[BlackElo "2024"]
[Annotator "Gabriele Ballarin"]
[PlyCount "58"]
[EventDate "2008.05.10"]
[EventType "swiss"]
[EventRounds "6"]
[EventCountry "ITA"]
[TimeControl "6000+30"]

{590MB, Fritz11.ctg, PC-PC} 1. d4 Nf6 2. Nf3 g6 3. Bf4 Bg7 4. e3 O-O 5. h3 d6 6. Nbd2 Nbd7 7. Bd3 c5 8. c3 Re8 9. Bh2 e5 10. dxe5 dxe5 11. e4 Qc7 12. O-O b6 13. Qb3 Bb7 14. Bc4 Re7 15. Ng5 Rf8 16. Bd5 h6 17. Ngf3 Nxd5 18. exd5 c4 19. Qa3 Nc5 20. d6 Qxd6 21. Nxc4 Qe6 (21... Qd3 22. Ne3 (22. Ncxe5 Bxe5 23. Nxe5 Rxe5 24. Bxe5 Qd5) 22... Bxf3 23. gxf3 Qe2 24. Kg2 e4) 22. Ncxe5 Rfe8 23. Rad1 Qf5 24. Nd4 Qh5 (24... Qe4 25. Nef3 Ba6 26. Bd6 Bxf1 27. Bxe7 Bxg2 28. Re1 Qb7 29. Kxg2 Rxe7) 25. Nec6 Re4 $2 (25... Bxc6 26. Nxc6 Re4 27. Bd6 (27. b3 Qxd1) 27... Ra4 28. Bxc5 Rxa3 29. Bxa3) 26. Qxa7 $2 Qxd1 27. f3 Re1 28. Bd6 Rxf1+ 29. Kh2 Qe1 0-1

[Event "68.Camp. Veneto Quarti di Finale"]
[Site "Arquà Petrarca ITA"]
[Date "2008.05.17"]
[Round "4.13"]
[White "Renier, Renzo"]
[Black "Sgaravatti, Francesco"]
[Result "0-1"]
[ECO "B33"]
[WhiteElo "2024"]
[BlackElo "2185"]
[Annotator "Gabriele Ballarin"]
[PlyCount "102"]
[EventDate "2008.05.10"]
[EventType "swiss"]
[EventRounds "6"]
[EventCountry "ITA"]
[TimeControl "6000+30"]

{590MB, Fritz11.ctg, PC-PC} 1. e4 c5 2. Nf3 Nc6 3. d4 cxd4 4. Nxd4 Qb6 5. Nb3 Nf6 6. Nc3 e6 7. Be3 Qc7 8. Be2 (8. Bd3) 8... Bb4 9. f3 d5 10. Bd2 Bxc3 11. Bxc3 dxe4 12. O-O e5 13. Kh1 O-O 14. Qd2 Bf5 15. Qg5 Bg6 16. f4 h6 17. Qh4 exf4 18. Bxf6 gxf6 19. Rxf4 f5 20. Qxh6 Qe5 21. c3 Rfd8 22. Raf1 Rd6 23. Rh4 Rad8 24. Qg5 a5 25. Rhf4 Kf8 26. h4 a4 27. h5 Bh7 28. Nd4 Nxd4 29. cxd4 Qxd4 30. Bg4 Qg7 31. Qh4 $2 (31. Qxg7+ Kxg7 32. Bxf5 Bxf5 33. Rxf5 f6 34. Rb5) 31... fxg4 32. Rxg4 Qe5 33. Rgf4 R8d7 34. Qf2 Qxh5+ 35. Rh4 Qg6 36. Qc5 b6 37. Qc8+ Rd8 38. Qh3 Bg8 39. Rg4 Qe6 40. Qg3 Qh6+ 41. Rh4 Qg6 42. Rg4 Qh7+ 43. Rh4 Rh6 44. Qa3+ Rdd6 45. Rxh6 Qxh6+ 46. Kg1 Kg7 47. Qg3+ Kh7 48. Rf4 Rd1+ 49. Kf2 Rd2+ 50. Kg1 Rd3 51. Qf2 $2 Rd1+ 0-1

[Event "68.Camp. Veneto Quarti di Finale"]
[Site "Arquà Petrarca ITA"]
[Date "2008.05.18"]
[Round "5.16"]
[White "Meggiorin, Orlando"]
[Black "Renier, Renzo"]
[Result "0-1"]
[ECO "C02"]
[WhiteElo "1532"]
[BlackElo "2024"]
[Annotator "Gabriele Ballarin"]
[PlyCount "54"]
[EventDate "2008.05.10"]
[EventType "swiss"]
[EventRounds "6"]
[EventCountry "ITA"]
[TimeControl "6000+30"]

{590MB, Fritz11.ctg, PC-PC} 1. e4 e6 2. d4 d5 3. e5 c5 4. c3 Nc6 5. Nf3 Qb6 6. a3 c4 7. Nbd2 Na5 8. b4 cxb3 9. Nxb3 Qxb3 10. Qxb3 Nxb3 11. Rb1 Nxc1 12. Rxc1 Bxa3 13. Rb1 a6 14. Bd3 Nh6 15. h3 O-O 16. g4 b5 17. Kd2 Be7 18. Ke2 Bd7 19. g5 Nf5 20. h4 g6 21. h5 Ng7 22. hxg6 hxg6 23. Rh6 Nh5 24. Rh1 Kg7 25. R1xh5 gxh5 26. Rh7+ Kg8 27. Rxh5 b4 0-1

[Event "68.Camp. Veneto Quarti di Finale"]
[Site "Arquà Petrarca ITA"]
[Date "2008.05.18"]
[Round "6.12"]
[White "Renier, Renzo"]
[Black "Bocchese, Nicola"]
[Result "1-0"]
[ECO "B03"]
[WhiteElo "2024"]
[BlackElo "1707"]
[Annotator "Gabriele Ballarin"]
[PlyCount "116"]
[EventDate "2008.05.10"]
[EventType "swiss"]
[EventRounds "6"]
[EventCountry "ITA"]
[TimeControl "6000+30"]

{590MB, Fritz11.ctg, PC-PC} 1. e4 Nf6 2. e5 Nd5 3. d4 d6 4. c4 Nb6 5. f4 Bf5 6. Nf3 (6. Nc3) 6... e6 7. Nc3 Be7 8. Bd3 Bxd3 9. Qxd3 Nc6 10. O-O Qd7 11. Be3 O-O-O 12. Rfd1 dxe5 13. fxe5 f6 14. exf6 Bxf6 15. Qe2 Qe7 16. b3 Kb8 17. Rac1 Rd7 18. Rd3 Nb4 19. Rd2 Nc6 20. Rcd1 Rhd8 21. Ne4 Re8 22. Nc5 Rdd8 23. Qf2 Nc8 24. Ne4 Ka8 25. c5 Nb4 26. Nc3 Nd5 27. Nxd5 exd5 28. Bf4 Qd7 29. Ne5 Bxe5 30. Bxe5 Rf8 31. Qg3 Rf7 32. Rf2 Rdf8 33. Rdf1 Rxf2 34. Rxf2 Rxf2 35. Qxf2 g6 36. h3 a6 37. Qf6 Kb8 38. Kh2 Qe7 39. Qf4 Na7 40. Qf3 Qd7 41. Qf8+ Nc8 42. b4 Qe7 43. Qf3 Qd7 44. Qf6 Qe7 45. Qh8 Qd7 46. Qf8 (46. Kg1 $1 Qe7 47. a4) 46... Qe7 47. Qh6 (47. Qg8) 47... Na7 48. Qd2 $6 (48. Bg7 Qf7 49. a4) 48... Nc6 49. Bf4 $2 (49. Bg3 Qf6 50. Qe3 Qxd4 $2 51. Qe8+ Ka7 52. Bxc7) 49... Qe4 50. Be3 Kc8 $6 (50... Nxb4 $1) 51. a3 Kd7 52. Qf2 Qe6 53. Qf4 Kc8 54. Bf2 Qd7 55. Bg3 Nd8 56. Qf8 Qf7 57. Qh8 Qd7 58. Bh4 b6 $138 (58... b6 59. Kg3 bxc5 60. bxc5 a5 61. Bf6 c6 62. Kh4 h6 63. Qg8 Kc7 64. Be5+ Kc8 65. Qxg6 Nf7 66. Bf4) 1-0

[Event "1.Open B Del Santo"]
[Site "Padova"]
[Date "2014.02.14"]
[Round "1"]
[White "Renier, Renzo"]
[Black "Benedetti, Maurizio"]
[Result "1-0"]
[ECO "B88"]
[WhiteElo "1970"]
[BlackElo "1725"]
[Annotator "Gabriele Ballarin"]
[PlyCount "45"]
[EventDate "2014.02.14"]
[EventType "swiss"]
[EventRounds "5"]
[EventCountry "ITA"]
[TimeControl "6000+30"]

{590MB, Fritz11.ctg, PC-PC} 1. e4 c5 2. Nf3 d6 3. d4 cxd4 4. Nxd4 Nc6 5. Bc4 Nf6 6. Nc3 e6 7. Be3 Be7 8. Bb3 Bd7 9. Qe2 Nxd4 10. Bxd4 Bc6 11. O-O-O a6 12. f4 b5 13. Bxf6 gxf6 14. Qh5 Qd7 15. f5 Kf8 16. fxe6 fxe6 17. e5 d5 18. exf6 Bxf6 19. Ne4 Bxb2+ (19... Be7 20. Rhf1+) (19... Bg7 20. Rhf1+ Kg8 21. Nf6+ Bxf6 22. Rxf6 Qg7 23. Rxe6) 20. Kxb2 Qg7+ 21. Kb1 dxe4 22. Rhf1+ Ke7 23. Qc5+ 1-0

[Event "1.Open B Del Santo"]
[Site "Padova"]
[Date "2014.02.15"]
[Round "2"]
[White "Belloni, Umberto"]
[Black "Renier, Renzo"]
[Result "0-1"]
[ECO "D00"]
[WhiteElo "1775"]
[BlackElo "1970"]
[Annotator "Gabriele Ballarin"]
[PlyCount "108"]
[EventDate "2014.02.14"]
[EventType "swiss"]
[EventRounds "5"]
[EventCountry "ITA"]
[TimeControl "6000+30"]

{590MB, Fritz11.ctg, PC-PC} 1. d4 d5 2. c3 Bf5 3. Qb3 b6 4. Bf4 e6 5. e3 Bd6 6. Bxd6 Qxd6 7. Nf3 Nd7 8. Nh4 Bxb1 9. Rxb1 Ngf6 10. Be2 O-O 11. O-O c5 12. f4 Ne4 13. Qd1 f5 14. Nf3 c4 15. Nd2 Ndf6 16. Nxe4 Nxe4 17. Bf3 Nf6 18. g4 fxg4 19. Bxg4 Nxg4 20. Qxg4 Rf5 21. Qe2 Raf8 22. Rf2 Qe7 23. Rbf1 Qh4 24. Rg2 R8f6 25. Rff2 Rg6 26. Rxg6 hxg6 27. Rg2 g5 28. Qf2 Qxf2+ 29. Rxf2 gxf4 30. exf4 Kf7 31. Kg2 Kf6 32. Kg3 Rh5 33. Kg4 Rh6 34. f5 exf5+ 35. Rxf5+ Ke6 36. Rf2 Rg6+ 37. Kh5 Rg1 38. h4 Rg3 39. Re2+ Kf6 40. Re5 $2 (40. Rf2+ Ke6 41. Re2+) 40... g6+ 41. Kh6 Rh3 42. Kh7 (42. h5 Rxh5+ 43. Rxh5 gxh5 44. Kxh5 Kf5 45. Kh6 Ke4 46. Kg6 Kd3 47. Kf5 Kc2 48. Ke5 Kxb2 49. Kxd5 Kxc3 50. Ke5 Kb2 51. d5 c3 52. d6 c2 53. d7 c1=Q 54. d8=Q Qc3+ 55. Kf5 Kxa2) 42... Rxh4+ 43. Kg8 Rh5 44. Re2 g5 45. Rf2+ Kg6 46. Rg2 Rh4 47. Kf8 Re4 48. b3 cxb3 49. axb3 g4 50. Ra2 a5 51. Rb2 Kg5 52. b4 g3 53. bxa5 bxa5 54. Rb5 g2 0-1

[Event "1.Open B Del Santo"]
[Site "Padova"]
[Date "2014.02.15"]
[Round "3"]
[White "Renier, Renzo"]
[Black "Sonis, Francesco"]
[Result "0-1"]
[ECO "B86"]
[WhiteElo "1970"]
[BlackElo "1943"]
[Annotator "Gabriele Ballarin"]
[PlyCount "88"]
[EventDate "2014.02.14"]
[EventType "swiss"]
[EventRounds "5"]
[EventCountry "ITA"]
[TimeControl "6000+30"]

{590MB, Fritz11.ctg, PC-PC} 1. e4 c5 2. Nf3 d6 3. d4 cxd4 4. Nxd4 Nf6 5. Nc3 a6 6. Bc4 e6 7. Bb3 Nbd7 8. Be3 Nc5 9. f3 Be7 10. Qe2 Qc7 11. O-O-O b5 12. g4 O-O 13. g5 Nfd7 14. f4 b4 15. Nd5 Nxb3+ 16. axb3 exd5 17. Nf5 Nc5 18. Bxc5 dxc5 19. Nxe7+ Qxe7 20. Rxd5 Bb7 21. Re5 Qc7 22. Qc4 Rac8 23. Rg1 Rfe8 24. Rxe8+ Rxe8 25. e5 Qc6 26. Rd1 Rc8 27. h4 Qe4 28. Qxe4 Bxe4 29. Rd6 Bc6 30. Kd2 g6 31. Kd3 Kf8 32. Kc4 Bb5+ 33. Kd5 c4 34. Rf6 cxb3 35. cxb3 Ke7 36. h5 Rc2 37. f5 gxf5 38. g6 hxg6 39. hxg6 Rd2+ 40. Kc5 fxg6 41. Rxg6 Rxb2 42. Rf6 Rxb3 43. Rxf5 Be8 44. Kc4 Bf7+ 0-1

[Event "1.Open B Del Santo"]
[Site "Padova"]
[Date "2014.02.16"]
[Round "4"]
[White "Chirilov, Marius Giorgian"]
[Black "Renier, Renzo"]
[Result "1-0"]
[ECO "D20"]
[WhiteElo "1767"]
[BlackElo "1970"]
[Annotator "Gabriele Ballarin"]
[PlyCount "61"]
[EventDate "2014.02.14"]
[EventType "swiss"]
[EventRounds "5"]
[EventCountry "ITA"]
[TimeControl "6000+30"]

{590MB, Fritz11.ctg, PC-PC} 1. d4 d5 2. c4 dxc4 3. Nc3 c5 4. d5 e6 5. e4 a6 6. a4 exd5 7. exd5 Bd6 8. Bxc4 Nf6 9. Nf3 O-O 10. O-O Bg4 11. Bg5 Re8 12. h3 Bh5 13. g4 Bg6 14. Bd3 Nbd7 15. Bxg6 hxg6 16. Re1 Qc7 17. Qd2 Rxe1+ 18. Rxe1 Re8 19. Rxe8+ Nxe8 20. Bh4 Ne5 21. Nxe5 Bxe5 22. Kg2 Nf6 23. Bxf6 gxf6 24. Ne4 Bd4 25. d6 Qd8 26. b3 Kg7 27. h4 f5 28. gxf5 Qxh4 29. f6+ Kf8 $2 (29... Bxf6 30. Nxf6 Kxf6 31. d7 Qg4+ 32. Kf1 Qh3+ 33. Ke2 Qe6+ 34. Kd1 Qxb3+ 35. Kc1 Qa3+ 36. Kb1 Qb3+) 30. d7 Qxe4+ 31. f3 1-0

[Event "1.Open B Del Santo"]
[Site "Padova"]
[Date "2014.02.16"]
[Round "5"]
[White "Renier, Renzo"]
[Black "Simonetto, Alessio"]
[Result "1-0"]
[ECO "C87"]
[WhiteElo "1970"]
[BlackElo "1690"]
[Annotator "Gabriele Ballarin"]
[PlyCount "61"]
[EventDate "2014.02.14"]
[EventType "swiss"]
[EventRounds "5"]
[EventCountry "ITA"]
[TimeControl "6000+30"]

{590MB, Fritz11.ctg, PC-PC} 1. e4 e5 2. Nf3 Nc6 3. Bb5 a6 4. Ba4 d6 5. O-O Nf6 6. Re1 Be7 7. c3 b5 8. Bc2 O-O 9. h3 h6 10. d4 Nh7 11. Be3 f5 12. Bb3+ Kh8 13. Bd5 Bd7 14. dxe5 fxe4 15. Bxe4 dxe5 16. Bxc6 Bxc6 17. Nxe5 Be4 18. Nd2 Bf5 19. Nc6 Qd6 20. Nxe7 Qxe7 21. Bxh6 Qh4 22. Be3 Rad8 23. Nf3 Qh5 24. Nd4 Qg6 25. Qe2 (25. Qf3) 25... Bxh3 26. g3 c5 27. Nf3 Rxf3 28. Qxf3 Rf8 29. Qd5 Rf5 30. Qd8+ Nf8 31. Bxc5 1-0

[Event "Camp.Veneto Seniores 2016-"]
[Site "Marostica ITA"]
[Date "2016.12.09"]
[Round "1"]
[White "Renier, Renzo"]
[Black "Del Nevo, Claudio"]
[Result "0-1"]
[ECO "B08"]
[WhiteElo "1963"]
[BlackElo "1769"]
[Annotator "Gabriele Ballarin"]
[PlyCount "82"]
[EventDate "2016.??.??"]
[EventType "swiss"]
[EventCountry "ITA"]
[TimeControl "5400+30"]

1. e4 d6 2. d4 Nf6 3. Nc3 c6 4. Nf3 g6 5. Be2 Bg7 6. O-O O-O 7. h3 b5 8. Bd3 $2 (8. e5) 8... Bb7 9. Be3 Qc7 10. Nd2 Nbd7 11. Ne2 a6 12. Ng3 c5 13. c3 c4 14. Be2 e5 15. Bf3 $2 d5 16. Re1 dxe4 17. Ndxe4 Nxe4 18. Bxe4 f5 19. Bxb7 Qxb7 20. dxe5 Nxe5 (20... f4 21. Bxf4 Rxf4 22. Qd6 Nf8) 21. Bd4 (21. Bg5) 21... Nd3 22. Bxg7 Nxe1 23. Qxe1 Qxg7 24. Ne2 Qe5 25. Qd2 Rad8 26. Nd4 Rfe8 27. Qg5 Rxd4 28. cxd4 Qxd4 29. Rb1 Re2 30. Qg3 Rxb2 31. Qb8+ Kg7 32. Qc7+ Kh6 33. Rxb2 Qxb2 34. Qf4+ g5 35. Qd6+ Kh5 36. Qe7 Qb1+ 37. Kh2 f4 38. Qe2+ Kh6 39. Qe7 Qg6 40. Qb4 Qf6 41. a4 c3 0-1

[Event "Camp.Veneto Seniores 2016-"]
[Site "Marostica ITA"]
[Date "2016.12.10"]
[Round "2"]
[White "Tencheni, Maurizio"]
[Black "Renier, Renzo"]
[Result "0-1"]
[ECO "A01"]
[WhiteElo "1704"]
[BlackElo "1963"]
[Annotator "Gabriele Ballarin"]
[PlyCount "116"]
[EventDate "2016.??.??"]
[EventType "swiss"]
[EventCountry "ITA"]
[TimeControl "5400+30"]

1. c4 Nf6 2. e3 e5 3. b3 Nc6 4. Bb2 d5 5. cxd5 Nxd5 6. a3 Be7 7. d3 Bf6 8. Nd2 O-O 9. Ne4 Be7 10. Nf3 f6 (10... f5 11. Nc3 Bf6) 11. Be2 f5 12. Ned2 Bf6 13. Qc2 Kh8 14. O-O Qe7 15. Rac1 Be6 16. Rfe1 Bg8 17. Qb1 Rad8 18. Bd1 $6 (18. e4 Nf4 19. exf5 Qd7) 18... e4 19. Nd4 $2 (19. dxe4 Bxb2 20. Qxb2 fxe4 21. Nd4 Nxd4 22. Qxd4 Rxf2 23. Kxf2 Nf4 24. Qc3 Nd3+ 25. Kf1 Qxa3 26. Ra1 Qf8+ 27. Bf3 exf3 28. Nxf3 Nxe1 29. Kxe1 a6) 19... Bxd4 20. exd4 e3 $6 (20... Qg5 21. dxe4 Nf4 22. Bf3 Nxd4 23. Bxd4 Rxd4 24. Rc2 Rfd8 (24... Nh3+ $5 25. Kf1 fxe4 26. Nxe4 Qb5+ 27. Rce2 Nf4)) 21. fxe3 Nxe3 22. Nf3 Bd5 23. Rxc6 bxc6 24. Qc1 f4 25. b4 Qf7 (25... Qf6) 26. Ne5 Qf5 27. Bf3 Bxf3 28. Nxf3 Qg4 (28... Rd6 29. Qd2 Qh5 30. Qf2 Rg6 31. Nh4 Re6) 29. Re2 Rd5 (29... Nxg2 $1) 30. Qxc6 Nxg2 $1 31. Ne5 Qxe2 (31... Rxe5 $1 32. Qxg2 (32. dxe5 $2 Ne3+ 33. Kf2 f3 34. Qc5 (34. Kxe3 Qf4+ 35. Kf2 Qxh2+ 36. Ke3 Qxe2+) (34. Rd2 Qh4+ 35. Kxe3 Qf4+ 36. Kf2 Qxd2+) 34... Qg2+ 35. Kxe3 Qxe2+ 36. Kd4 Rd8+) 32... Qxg2+ 33. Rxg2 Re1+ 34. Kf2 f3) 32. Qxd5 Qf1+ 33. Kxf1 Ne3+ 34. Kf2 Nxd5 35. Nc6 a6 36. a4 Rf6 37. b5 axb5 38. axb5 Rh6 39. Kf3 Re6 (39... Rh3+ 40. Ke4 f3) 40. Ne5 Rf6 (40... Rb6) 41. Ke4 Ne7 (41... Rb6) 42. Nf3 Ng6 $2 (42... Rb6) 43. d5 Rb6 44. Nd4 Ne7 $2 (44... Kg8) 45. Ba3 Nc8 (45... Ng8) 46. Kxf4 Rh6 $6 (46... Kg8) 47. Nf3 $2 (47. Ne6) 47... Nb6 48. Ke4 Rh5 49. Ke3 $6 (49. d6) 49... Rxd5 50. Nd4 Rh5 51. Ke4 Rxh2 52. Bc5 Nd7 53. Be7 Nf6+ 54. Bxf6 gxf6 55. Kd5 Rh3 56. Kc6 Rxd3 57. Ne6 $4 Rd6+ 58. Kxc7 Rxe6 0-1

[Event "Camp.Veneto Seniores 2016-"]
[Site "Marostica ITA"]
[Date "2016.12.10"]
[Round "3"]
[White "Renier, Renzo"]
[Black "Ranzato, Paolo"]
[Result "1-0"]
[ECO "B18"]
[WhiteElo "1963"]
[BlackElo "1807"]
[Annotator "Gabriele Ballarin"]
[PlyCount "99"]
[EventDate "2016.??.??"]
[EventType "swiss"]
[EventCountry "ITA"]
[TimeControl "5400+30"]

1. e4 c6 2. d4 d5 3. Nc3 dxe4 4. Nxe4 Bf5 5. Ng3 Bg6 6. Nf3 Nf6 7. Ne5 $6 (7. h4 h6 8. Ne5 Bh7 9. Bc4 e6 10. Qe2 Nd5 11. Bb3 Nd7 12. Bd2 N7f6 13. O-O-O) 7... Nbd7 8. Nxg6 hxg6 9. Bd3 e6 10. Bd2 Bd6 11. Qe2 Qc7 12. O-O-O O-O-O 13. c4 Bf4 14. Kb1 Bxd2 15. Rxd2 Rh4 16. Bc2 Nb6 17. c5 Nbd5 18. h3 Nb4 19. Rhd1 Nxc2 20. Kxc2 Qa5 21. Kb1 Qa4 22. Qe5 Rd5 23. Qe3 Rd7 24. Qe5 Qc4 25. f3 Qd5 26. Qe1 g5 27. Ne2 Qf5+ 28. Ka1 Nd5 29. Nc3 (29. Ng3 Qg6 30. Ne4) 29... Nb4 30. Ne4 Rxd4 $4 31. a3 $5 (31. Rxd4 $1 Nc2+ 32. Kb1 Nxd4 (32... Nxe1 33. Rd8+ Kc7 34. R1d7#) 33. Rxd4) 31... Qd5 (31... Rxd2 32. Rxd2 Rxe4 33. fxe4 Qxc5 34. axb4) 32. axb4 Rxd2 33. Qxd2 f5 34. Qxd5 $6 (34. Qc1 $1 Qb3 35. Rd8+ Kxd8 (35... Kc7 36. Qxg5) 36. Qxg5+ Kd7 37. Qxg7+ Kc8 (37... Kd8 38. Qf8+ Kd7 39. Nf6+ Kc7 40. Qd6+ Kc8 41. Qd7+ Kb8 42. Qd8#) 38. Nd6+ Kd8 39. Qf8+ Kd7 40. Qe8+ Kc7 41. Qc8#) 34... cxd5 35. Nxg5 Kd7 36. Re1 Rh6 37. Nf7 (37. b5) 37... Rh4 38. Ne5+ Kc7 39. Ng6 Rxb4 40. Rxe6 Rc4 41. Re7+ Kc8 42. Rxg7 Rxc5 43. Kb1 d4 44. Nf4 Re5 45. h4 Re1+ 46. Kc2 Rh1 47. h5 a5 48. Nh3 Re1 49. h6 Re2+ 50. Kd3 1-0

[Event "Camp.Veneto Seniores 2016-"]
[Site "Marostica ITA"]
[Date "2016.12.11"]
[Round "4"]
[White "Bonollo, Sergio"]
[Black "Renier, Renzo"]
[Result "1-0"]
[ECO "A08"]
[WhiteElo "1792"]
[BlackElo "1963"]
[Annotator "Gabriele Ballarin"]
[PlyCount "101"]
[EventDate "2016.??.??"]
[EventType "swiss"]
[EventCountry "ITA"]
[TimeControl "5400+30"]

1. Nf3 d5 2. g3 c5 3. Bg2 Nc6 4. O-O e5 5. d3 Nf6 6. a3 (6. c4 Be7 7. Nc3 d4 8. Na4 O-O 9. e4 Nd7 10. Nd2 a6) 6... Be7 7. c4 dxc4 8. dxc4 Qxd1 $6 9. Rxd1 Be6 10. b3 O-O (10... Nd4 11. Nxd4 (11. Nxe5 $2 O-O-O $1 12. Rxd4 (12. Kf1 $2 Nxb3) (12. Nd2 Bd6 13. Nef3 Nxe2+ 14. Kf1 Nxc1 15. Raxc1 h6) 12... cxd4) 11... O-O-O 12. Nd2 exd4) 11. Bb2 Rad8 12. Nbd2 Bf5 13. Rac1 (13. Bxe5 Nxe5 14. Nxe5 Bc2 15. Bxb7 Bxd1 16. Rxd1 Bd6 17. Nd3) 13... Nd4 14. Nxd4 exd4 15. Bxb7 Rd7 (15... Rb8 16. Bg2 Rfe8) 16. Bg2 Rfd8 17. h3 Bf8 18. g4 Bg6 $2 (18... Be6) 19. f4 h6 20. f5 Bh7 21. Ne4 Nxe4 22. Bxe4 Re7 23. Bd3 Re3 24. Kg2 Bd6 25. Rh1 Rde8 26. Rcf1 g6 27. Rf3 gxf5 28. gxf5 Rxf3 29. Kxf3 Re3+ 30. Kf2 Kg7 31. b4 Kf6 32. Bc1 Re8 33. b5 h5 $6 34. Rf1 Rg8 35. Ke1 h4 $2 (35... Rg3 36. h4 Rg4 37. Bg5+ Ke5 38. Kd2 f6 39. Bh6) 36. a4 (36. Bf4 $1) 36... Rg3 37. a5 Bc7 38. Bd2 (38. b6 $1 axb6 39. a6 Bb8 40. Bf4 Bxf4 41. Rxf4 Rg1+ 42. Kd2 Ra1 43. Rxh4 Bxf5 44. Rf4) 38... Rxh3 39. a6 $6 Rg3 40. Bf4 Ba5+ 41. Kd1 Rg4 42. Bd6 Bb6 43. Kc2 Rg5 (43... Kg5) 44. Kd2 Bxf5 (44... h3) 45. Bxf5 Rxf5 46. Rh1 Rh5 47. e3 dxe3+ (47... Ke6 $1 {(Micheli)}) 48. Kxe3 Ke6 49. Rd1 h3 50. Bh2 Rh4 51. Rd6+ {(Il Nero con pochi secondi sull'orologio non vede che la sua posizione non è persa, addirittura è migliore)} (51. Rd6+ Kf5 52. Rd5+ (52. Rxb6 $2 {[Nelll'analisi del dopo partita il Bianco ha detto che avrebbe giocato così]} axb6 53. a7 Rh8 54. Bb8 h2 $3 55. a8=Q (55. Bxh2 Rh3+ $1) 55... h1=Q $19) 52... Kg4 53. Rd1 Kg5 54. Rg1+ (54. Rd5+ f5) 54... Kf5 55. Rf1+ Ke6 56. Rf4 Rh7 (56... Rxf4 57. Bxf4 $11) 57. Rf1 f6 58. Rd1) 1-0

[Event "76.Camp.Veneto-Open A,"]
[Site "Conegliano ITA"]
[Date "2016.05.13"]
[Round "1"]
[White "Belloni, Umberto"]
[Black "Renier, Renzo"]
[Result "1/2-1/2"]
[ECO "A45"]
[WhiteElo "1798"]
[BlackElo "1954"]
[Annotator "Gabriele Ballarin"]
[PlyCount "22"]
[EventDate "2016.05.13"]
[EventType "swiss"]
[EventRounds "5"]
[EventCountry "ITA"]
[TimeControl "5400+30"]

1. d4 Nf6 2. c3 d6 3. Bg5 Nbd7 4. Bxf6 Nxf6 5. Qb3 b6 (5... Be6 6. c4 (6. Qxb7 Rb8 7. Qxa7 Rxb2 8. Nf3 g6) 6... g6) 6. f3 d5 7. Nd2 Bb7 8. e3 (8. e4 dxe4 9. Bb5+ c6 10. Bc4 e6 11. fxe4) 8... e6 9. Bd3 Bd6 10. f4 O-O (10... Ng4 $1) 11. Be2 c5 {(=)} 1/2-1/2

[Event "76.Camp.Veneto-Open A,"]
[Site "Conegliano ITA"]
[Date "2016.05.14"]
[Round "2"]
[White "Renier, Renzo"]
[Black "Losso, Agostino"]
[Result "1-0"]
[ECO "B43"]
[WhiteElo "1954"]
[BlackElo "1724"]
[Annotator "Gabriele Ballarin"]
[PlyCount "47"]
[EventDate "2016.05.13"]
[EventType "swiss"]
[EventRounds "5"]
[EventCountry "ITA"]
[TimeControl "5400+30"]

1. e4 c5 2. Nf3 e6 3. d4 cxd4 4. Nxd4 a6 5. Nc3 Qc7 6. Be2 b5 7. a3 (7. O-O Bb7 8. Bf3 Nc6 9. Nxc6 dxc6 10. Qe2 e5 11. a4) 7... Bb7 8. O-O Nc6 (8... Nf6 9. Qd3 d6 10. f4 Nbd7 11. Bf3 Be7 12. Bd2 Rd8) 9. Nxc6 dxc6 10. Bf3 Ne7 11. g3 Ng6 12. Bg2 h5 13. h3 $6 (13. Be3 h4 14. f4) 13... h4 14. g4 Rd8 15. Qe2 Nf4 16. Bxf4 Qxf4 17. Qf3 Qe5 18. Rfd1 Bd6 19. Rd2 Rh6 20. Rad1 Rf6 21. Qe3 Rd7 $2 22. Rxd6 Rxd6 23. Rxd6 Ke7 (23... Qxd6 24. e5) 24. Rd1 1-0

[Event "76.Camp.Veneto-Open A,"]
[Site "Conegliano ITA"]
[Date "2016.05.14"]
[Round "3"]
[White "Panican, Gheorghe"]
[Black "Renier, Renzo"]
[Result "0-1"]
[ECO "D94"]
[WhiteElo "1984"]
[BlackElo "1954"]
[Annotator "Gabriele Ballarin"]
[PlyCount "60"]
[EventDate "2016.05.13"]
[EventType "swiss"]
[EventRounds "5"]
[EventCountry "ITA"]
[TimeControl "5400+30"]

1. d4 Nf6 2. c4 g6 3. Nc3 d5 4. Nf3 Bg7 5. e3 O-O 6. Bd2 c5 7. dxc5 Na6 8. Be2 (8. cxd5 Nxc5 9. Bc4 a6 10. a4 Bf5 11. O-O Rc8 12. Qe2 Nfe4 13. Nxe4 Bxe4 14. Bb4 Bxd5 15. Rfd1 Qb6 16. Bxc5 Bxc4) 8... Nxc5 9. O-O Bf5 10. Nd4 Bd3 11. b4 Bxe2 12. Qxe2 Nce4 13. c5 e5 14. Nb3 Nxc3 15. Bxc3 d4 16. exd4 Nd5 17. Bd2 exd4 18. Rad1 Qf6 19. Qc4 Nc3 20. Bxc3 dxc3 21. Rd7 Qc6 22. Rfd1 Rae8 23. f3 (23. b5 Re1+ 24. Rxe1 Qxd7 25. g3 Bf6 26. Kg2 Rd8) 23... Qa4 (23... Re1+ 24. Rxe1 Qxd7 25. b5 Rc8) 24. Na1 $6 (24. Rxb7 Qxa2 25. Kf1 Re3) 24... Re3 $6 (24... Re7 $1 25. R7d5 a5) 25. Qb3 Qc6 $6 (25... Qxb3 $1 26. axb3 (26. Nxb3 Re2 27. Rxb7 Rxa2 28. c6 c2 29. Re1 Bc3 30. Rc1 Rc8 31. b5 Rb2) 26... Re2 27. Rxb7 Rfe8 28. Kf1 c2 29. Rc1 Bd4 $1) 26. R7d6 (26. Nc2) 26... Qe8 27. Nc2 Re2 28. R6d3 $2 (28. Kf1) 28... Qe7 $1 29. Rd7 (29. Kf1 Qg5 $3 30. Ne1 (30. Kxe2 Qxg2+ 31. Ke1 (31. Ke3 Re8+ 32. Kf4 Bh6#) 31... Bf6 32. Qc4 Qg1+ 33. Ke2 Qxh2+ 34. Kf1 Bh4 35. Qd4 Re8 36. b5 (36. Qxh4) 36... Re2) 30... Rb2 31. Qc4 (31. Qa4 Qh4 32. Nc2 b5 33. cxb6 axb6) 31... Qe5) 29... Qg5 30. g3 Qh5 0-1

[Event "76.Camp.Veneto-Open A,"]
[Site "Conegliano ITA"]
[Date "2016.05.15"]
[Round "4"]
[White "Renier, Renzo"]
[Black "Borsato, Federico"]
[Result "1/2-1/2"]
[ECO "C55"]
[WhiteElo "1954"]
[BlackElo "1855"]
[Annotator "Gabriele Ballarin"]
[PlyCount "65"]
[EventDate "2016.05.13"]
[EventType "swiss"]
[EventRounds "5"]
[EventCountry "ITA"]
[TimeControl "5400+30"]

1. e4 e5 2. Nf3 Nc6 3. Bc4 Nf6 4. Nc3 (4. d3) (4. d4) (4. Ng5) 4... Nxe4 5. Qe2 $2 (5. Nxe4 d5 6. Bd3 dxe4 7. Bxe4 Bd6 8. d4 exd4 9. Bxc6+ bxc6 10. Qxd4 O-O 11. O-O c5 12. Qc3 Bb7 13. b3 Qd7 14. Bb2 f6 15. Rad1 Qf5 16. Qc4+ Kh8) 5... Nxc3 6. dxc3 Be7 $2 (6... d6) 7. Nxe5 Nxe5 8. Qxe5 O-O 9. Be3 Bf6 10. Qh5 c6 11. O-O-O d5 12. Bd3 g6 13. Qh6 Bg7 14. Qf4 Qf6 15. Qxf6 Bxf6 16. Rde1 Bd7 17. Bd4 Bxd4 18. cxd4 Rfe8 19. Kd2 h6 20. Rxe8+ Rxe8 21. Re1 Rxe1 22. Kxe1 Kg7 23. Ke2 Kf6 24. c3 Bf5 25. Ke3 Bxd3 26. Kxd3 Ke6 27. Ke3 f5 28. h4 g5 29. hxg5 hxg5 30. Kf3 Kf6 31. g4 Ke6 32. Kg3 f4+ 33. Kf3 {(=)} 1/2-1/2